Workbook

Sheet Media-2026
D2: ALCALDIA DISTRITAL DE BARRANCABERMEJA
D3: ANALISIS DE PRECIOS Y ESTUDIO DE COSTOS
D5: Código DEP-FO-016 | G5: Fecha 06/12/2023 | J5: Versión 001 | L5: Página 1 de 1
A7: MEDIA ARITMETICA SERVICIO INTEGRAL DE ASEO Y MANTENIMIENTO ESCENARIOS DEPORTIVOS Y RECREATIVOS DEL DISTRITO DE BARRANCABERMEJA | F7: COTIZACION 1. ASOCIACION AIRE | H7: COTIZACION 2. ASSEAR S.A.S | J7: COTIZACION 3-AMERICANA DE SERVICIOS | L7: MEDIA ARITMETICA
A8: item | C8: Descricion | D8: Servicios de aseo y cafeteria | E8: Duración meses | F8: Valor unitario sin IVA | G8: Valor Parcial | H8: Valor unit. sin IVA | I8: Valor Parcial | J8: Valor unit. sin IVA | K8: Valor Parcial | L8: Valor unit sin IVA | M8: Valor total
A9: 1 | C9: SERVICIO INTEGRAL ASEO Y CAFETERIA
A10: 1.1 | C10: SERVICIO DE MANTENIMIENTO BASICO
A11: 1.1.1 | B11: PRESTACION DE SERVICIO INTEGRAL DE ASEO Y MANTENIMIENTO ESCENARIOS DEPORTIVOS Y RECREATIVOS DEL DISTRITO DE BARRANCABERMEJA | C11: CAPATAZ | D11: 1 | E11: 1 | F11: 5095996 | G11: =D11*E11*F11 -> 5095996 | H11: 5146956 | I11: =D11*E11*H11 -> 5146956 | J11: 5277848 | K11: =E11*J11 -> 5277848 | L11: =(F11+H11+J11)/3 -> 5173600 | M11: =E11*L11 -> 5173600
A12: 1.1.2 | C12: LIMPIEZA GENERAL | D12: 4 | E12: 1 | F12: 12064443 | G12: =E12*F12 -> 12064443 | H12: 12004121 | I12: =E12*H12 -> 12004121 | J12: 12306640 | K12: =E12*J12 -> 12306640 | L12: =(F12+H12+J12)/3 -> 12125068 | M12: =E12*L12 -> 12125068
A13: 1.1.3 | C13: SERVICIOS GENERALES DE ASEO | D13: 2 | E13: 1 | F13: 9085353 | G13: =E13*F13 -> 9085353 | H13: 9067182 | I13: =E13*H13 -> 9067182 | J13: 9158145 | K13: =E13*J13 -> 9158145 | L13: =(F13+H13+J13)/3 -> 9103560 | M13: =E13*L13 -> 9103560
A14: 1.1.4 | C14: TODEROS | D14: 4 | E14: 1 | F14: 13123726 | G14: =E14*F14 -> 13123726 | H14: 13254963 | I14: =E14*H14 -> 13254963 | J14: 12602675 | K14: =E14*J14 -> 12602675 | L14: =(F14+H14+J14)/3 -> 12993788 | M14: =E14*L14 -> 12993788
A15: 1.1.5 | C15: ELECTRICISTA | D15: 1 | E15: 1 | F15: 3563286 | G15: =E15*F15 -> 3563286 | H15: 3616735 | I15: =E15*H15 -> 3616735 | J15: 3351860 | K15: =E15*J15 -> 3351860 | L15: =(F15+H15+J15)/3 -> 3510627 | M15: =E15*L15 -> 3510627
A16: 1.1.6 | C16: SOLDADOR | D16: 1 | E16: 1 | F16: 3457968 | G16: =E16*F16 -> 3457968 | H16: 3451052 | I16: =E16*H16 -> 3451052 | J16: 3622861 | K16: =E16*J16 -> 3622861 | L16: =(F16+H16+J16)/3 -> 3510627 | M16: =E16*L16 -> 3510627
A17: 1.2 | C17: SERVICIO LIMPIEZA DE PISCINAS
A18: 1.2.1 | C18: SERVICIO DE LIMPIEZA DE PISCINAS | D18: 2 | E18: 1 | F18: 28737876 | G18: =E18*F18 -> 28737876 | H18: 28680400 | I18: =E18*H18 -> 28680400 | J18: 27941753 | K18: =E18*J18 -> 27941753 | L18: =(F18+H18+J18)/3 -> 28453343 | M18: =E18*L18 -> 28453343
A19: 1.3 | C19: SERVICIO DE LIMPIEZA DE JARDINERIA
A20: 1.3.1 | C20: SERVICIOS DE LIMPIEZA DE JARDINERÍA | D20: 2 | E20: 1 | F20: 28048441 | G20: =E20*F20 -> 28048441 | H20: 27992344 | I20: =E20*H20 -> 27992344 | J20: 27271417 | K20: =E20*J20 -> 27271417 | L20: =(F20+H20+J20)/3 -> 27770734 | M20: =E20*L20 -> 27770734
C21: SUBTOTAL | G21: =SUM(G11:G20) -> 103177089 | I21: =SUM(I11:I20) -> 103213753 | K21: =SUM(K11:K20) -> 101533199 | M21: =SUM(M11:M20) -> 102641347
C22: ADMINISTRACION | F22: 0.22 | G22: 22581096 | H22: 0.22 | I22: 22707026 | J22: 0.22 | K22: 22337304 | L22: 0.22 | M22: =ROUND(+M21*$F22,0) -> 22581096
C23: UTILIDADES | F23: 0.05 | G23: 5132067 | H23: 0.05 | I23: 5160688 | J23: 0.05 | K23: 5076660 | L23: 0.05 | M23: =ROUND(+M21*$F23,0) -> 5132067
C24: IVA - A/U | F24: 0.19 | G24: 5265501 | H24: 0.19 | I24: 5294866 | J24: 0.19 | K24: 5208653 | L24: 0.19 | M24: =ROUND(+SUM(M22:M23)*$F24,0) -> 5265501
C25: VALOR TOTAL | G25: =ROUND(G21+G22+G23+G24,0) -> 136155753 | I25: =ROUND(I21+I22+I23+I24,0) -> 136376333 | K25: =ROUND(K21+K22+K23+K24,0) -> 134155816 | M25: =ROUND(M21+M22+M23+M24,0) -> 135620011
B27: NOTA: El analisis de precios y estudio de costos se realiza con las cotizaciones presentadas a INDERBA, radicados 0171, 0172, 0173.
B35: BENJAMIN GONZALEZ HERNANDEZ | F35: HECTOR JUAN SIERRA TOLOSA
B36: Profesional Universitario | F36: CPS.Profesional Universitario
B37: Administracion y Proyectos

Sheet OFICIAL
B2: PRESUPUESTO OFICIAL
B4: PRESTACIÓN DEL SERVICIO INTEGRAL DE ASEO Y MANTENIMIENTO LOCATIVO BÁSICO DE LOS ESCENARIOS DEPORTIVOS Y RECREATIVOS DE LA VILLA OLIMPICA DEL DISTRITO DE BARRANCABERMEJA
B5: item | C5: Descricion | D5: UND | E5: CANT. | F5: Valor mes sin IVA | G5: Valor total
B6: 1 | C6: SERVICIO INTEGRAL ASEO Y CAFETERIA
B7: 1.1 | C7: CAPATAZ | D7: SERVICIO | E7: 1 | F7: 5403811 | G7: =+F7*$E7 -> 5403811 | H7: 0.985
B8: 1.1 | C8: LIMPIEZA GENERAL | D8: SERVICIO | E8: 1 | F8: 12939332 | G8: =+F8*$E8 -> 12939332 | H8: 0.995
B9: 1.2 | C9: SERVICIOS GENERALES DE ASEO | D9: SERVICIO | E9: 1 | F9: 10015683 | G9: =+F9*$E9 -> 10015683 | H9: 0.998
B10: 1.3 | C10: TODEROS | D10: SERVICIO | E10: 1 | F10: 13854088 | G10: =+F10*$E10 -> 13854088 | H10: 1.01
B11: 1.4 | C11: ELECTRICISTA | D11: SERVICIO | E11: 1 | F11: 3737212 | G11: =+F11*$E11 -> 3737212 | H11: 1.015
B12: 1.5 | C12: SOLDADOR | D12: SERVICIO | E12: 1 | F12: 3737212 | G12: =+F12*$E12 -> 3737212 | H12: 0.985
B13: 2 | C13: SERVICIO LIMPIEZA DE PISCINAS
B14: 2.1 | C14: SERVICIO DE LIMPIEZA DE PISCINAS | D14: SERVICIO | E14: 1 | F14: 26280111 | G14: =+F14*$E14 -> 26280111 | H14: 1.01
B15: 3 | C15: SERVICIO DE LIMPIEZA DE JARDINERIA
B16: 3.1 | C16: SERVICIOS DE LIMPIEZA DE JARDINERÍA | D16: SERVICIO | E16: 1 | F16: 26673898 | G16: =+F16*$E16 -> 26673898 | H16: 1.01
C17: SUBTOTAL | G17: =SUM(G7:G16) -> 102641347
C18: ADMINISTRACION | F18: 0.22 | G18: =ROUND(+$G$17*$F18,0) -> 22581096
C19: UTILIDADES | F19: 0.05 | G19: =ROUND(+$G$17*$F19,0) -> 5132067
C20: IVA - A/U (19%(ARTICULO 462-1 ET)) | F20: 0.19 | G20: =ROUND(+SUM(G18:G19)*$F20,0) -> 5265501
C21: VALOR TOTAL | G21: =SUM(G17:G20) -> 135620011
D23: TIEMPO DE EJECUCUION | F23: MESES | G23: 7
F25: TOTAL | G25: =G21*G23 -> 949340077

Sheet PRESUPUESTO
B2: OBJETO: SERVICIO INTEGRAL DE ASEO Y MANTENIMIENTO ESCENARIOS DEPORTIVOS Y RECREATIVOS DEL DISTRITO DE BARRANCABERMEJA | I2: COTIZACIÓN 1. | L2: COTIZACIÓN 2 | N2: COTIZACIÓN 3 | P2: PROMEDIO
B3: item | C3: Descricion | D3: Servicios de operarios de aseo y mantenimiento (Numero/ personas/mes) (A) | E3: Duración meses | F3: Valor mes sin IVA | G3: Valor total | I3: Valor mes sin IVA | J3: Valor total | L3: Valor mes sin IVA | M3: Valor total | N3: Valor mes sin IVA | O3: Valor total | P3: Valor mes sin IVA | Q3: Valor total
B4: 1 | C4: SERVICIO INTEGRAL ASEO Y CAFETERIA
B5: 1.1 | C5: CAPATAZ | D5: 1 | E5: 1 | F5: =+PERSONAL!B22 -> 5403811 | G5: =+F5*$E5 -> 5403811 | H5: 0.985 | I5: =ROUND(F5*H5,0) -> 5322754 | J5: =+I5*$E5 -> 5322754 | K5: 1.01 | L5: =ROUND(I5*K5,0) -> 5375982 | M5: =+L5*$E5 -> 5375982 | N5: =(F5*3)-I5-L5 -> 5512697 | O5: =+N5*$E5 -> 5512697 | P5: =(I5+L5+N5)/3 -> 5403811 | Q5: =+P5*$E5 -> 5403811
B6: 1.1 | C6: LIMPIEZA GENERAL | D6: 4 | E6: 1 | F6: =+PERSONAL!C22 -> 12939332 | G6: =+F6*$E6 -> 12939332 | H6: 0.995 | I6: =ROUND(F6*H6,0) -> 12874635 | J6: =+I6*$E6 -> 12874635 | K6: 0.995 | L6: =ROUND(I6*K6,0) -> 12810262 | M6: =+L6*$E6 -> 12810262 | N6: =(F6*3)-I6-L6 -> 13133099 | O6: =+N6*$E6 -> 13133099 | P6: =(I6+L6+N6)/3 -> 12939332 | Q6: =+P6*$E6 -> 12939332
B7: 1.2 | C7: SERVICIOS GENERALES DE ASEO | D7: 2 | E7: 1 | F7: =+PERSONAL!D22 -> 10015683 | G7: =+F7*$E7 -> 10015683 | H7: 0.998 | I7: =ROUND(F7*H7,0) -> 9995652 | J7: =+I7*$E7 -> 9995652 | K7: 0.998 | L7: =ROUND(I7*K7,0) -> 9975661 | M7: =+L7*$E7 -> 9975661 | N7: =(F7*3)-I7-L7 -> 10075736 | O7: =+N7*$E7 -> 10075736 | P7: =(I7+L7+N7)/3 -> 10015683 | Q7: =+P7*$E7 -> 10015683
B8: 1.3 | C8: TODEROS | D8: 4 | E8: 1 | F8: =+PERSONAL!E22 -> 13854088 | G8: =+F8*$E8 -> 13854088 | H8: 1.01 | I8: =ROUND(F8*H8,0) -> 13992629 | J8: =+I8*$E8 -> 13992629 | K8: 1.01 | L8: =ROUND(I8*K8,0) -> 14132555 | M8: =+L8*$E8 -> 14132555 | N8: =(F8*3)-I8-L8 -> 13437080 | O8: =+N8*$E8 -> 13437080 | P8: =(I8+L8+N8)/3 -> 13854088 | Q8: =+P8*$E8 -> 13854088
B9: 1.4 | C9: ELECTRICISTA | D9: 1 | E9: 1 | F9: =+PERSONAL!F22 -> 3737212 | G9: =+F9*$E9 -> 3737212 | H9: 1.015 | I9: =ROUND(F9*H9,0) -> 3793270 | J9: =+I9*$E9 -> 3793270 | K9: 1.015 | L9: =ROUND(I9*K9,0) -> 3850169 | M9: =+L9*$E9 -> 3850169 | N9: =(F9*3)-I9-L9 -> 3568197 | O9: =+N9*$E9 -> 3568197 | P9: =(I9+L9+N9)/3 -> 3737212 | Q9: =+P9*$E9 -> 3737212
B10: 1.5 | C10: SOLDADOR | D10: 1 | E10: 1 | F10: =+PERSONAL!G22 -> 3737212 | G10: =+F10*$E10 -> 3737212 | H10: 0.985 | I10: =ROUND(F10*H10,0) -> 3681154 | J10: =+I10*$E10 -> 3681154 | K10: 0.998 | L10: =ROUND(I10*K10,0) -> 3673792 | M10: =+L10*$E10 -> 3673792 | N10: =(F10*3)-I10-L10 -> 3856690 | O10: =+N10*$E10 -> 3856690 | P10: =(I10+L10+N10)/3 -> 3737212 | Q10: =+P10*$E10 -> 3737212
B11: 2 | C11: SERVICIO LIMPIEZA DE PISCINAS
B12: 2.1 | C12: SERVICIO DE LIMPIEZA DE PISCINAS | D12: 2 | E12: 1 | F12: =+PERSONAL!H22 -> 26280111 | G12: =+F12*$E12 -> 26280111 | H12: 1.01 | I12: =ROUND(F12*H12,0) -> 26542912 | J12: =+I12*$E12 -> 26542912 | K12: 0.998 | L12: =ROUND(I12*K12,0) -> 26489826 | M12: =+L12*$E12 -> 26489826 | N12: =(F12*3)-I12-L12 -> 25807595 | O12: =+N12*$E12 -> 25807595 | P12: =(I12+L12+N12)/3 -> 26280111 | Q12: =+P12*$E12 -> 26280111
B13: 3 | C13: SERVICIO DE LIMPIEZA DE JARDINERIA
B14: 3.1 | C14: SERVICIOS DE LIMPIEZA DE JARDINERÍA | D14: 2 | E14: 1 | F14: =+PERSONAL!I22 -> 26673898 | G14: =+F14*$E14 -> 26673898 | H14: 1.01 | I14: =ROUND(F14*H14,0) -> 26940637 | J14: =+I14*$E14 -> 26940637 | K14: 0.998 | L14: =ROUND(I14*K14,0) -> 26886756 | M14: =+L14*$E14 -> 26886756 | N14: =(F14*3)-I14-L14 -> 26194301 | O14: =+N14*$E14 -> 26194301 | P14: =(I14+L14+N14)/3 -> 26673898 | Q14: =+P14*$E14 -> 26673898
C15: SUBTOTAL | G15: =SUM(G5:G14) -> 102641347 | J15: =SUM(J5:J14) -> 103143643 | M15: =SUM(M5:M14) -> 103195003 | O15: =SUM(O5:O14) -> 101585395 | Q15: =SUM(Q5:Q14) -> 102641347
C16: ADMINISTRACION | F16: 0.22 | G16: =ROUND(+$G$15*$F16,0) -> 22581096 | J16: =ROUND(+J15*$F16,0) -> 22691601 | M16: =ROUND(+M15*$F16,0) -> 22702901 | O16: =ROUND(+O15*$F16,0) -> 22348787 | Q16: =ROUND(+Q15*$F16,0) -> 22581096
C17: UTILIDADES | F17: 0.05 | G17: =ROUND(+$G$15*$F17,0) -> 5132067 | J17: =ROUND(+J15*$F17,0) -> 5157182 | M17: =ROUND(+M15*$F17,0) -> 5159750 | O17: =ROUND(+O15*$F17,0) -> 5079270 | Q17: =ROUND(+Q15*$F17,0) -> 5132067
C18: IVA - A/U (19%(ARTICULO 462-1 ET)) | F18: 0.19 | G18: =ROUND(+SUM(G16:G17)*$F18,0) -> 5265501 | J18: =ROUND(+SUM(J16:J17)*$F18,0) -> 5291269 | M18: =ROUND(+SUM(M16:M17)*$F18,0) -> 5293904 | O18: =ROUND(+SUM(O16:O17)*$F18,0) -> 5211331 | Q18: =ROUND(+SUM(Q16:Q17)*$F18,0) -> 5265501
C19: VALOR TOTAL | G19: =SUM(G15:G18) -> 135620011 | J19: =SUM(J15:J18) -> 136283695 | M19: =SUM(M15:M18) -> 136351558 | O19: =SUM(O15:O18) -> 134224783 | Q19: =SUM(Q15:Q18) -> 135620011
F21: MESES | G21: 7 | J21: 7 | M21: 7 | O21: 7 | Q21: 7
F23: TOTAL | G23: =G19*G21 -> 949340077 | J23: =J19*J21 -> 953985865 | M23: =M19*M21 -> 954460906 | O23: =O19*O21 -> 939573481 | Q23: =Q19*Q21 -> 949340077

Sheet PERSONAL
A1: COSTOS DIRECTOS | B1: CAPATAZ | C1: =+PRESUPUESTO!C6 -> LIMPIEZA GENERAL | D1: =+PRESUPUESTO!C7 -> SERVICIOS GENERALES DE ASEO | E1: =+PRESUPUESTO!C8 -> TODEROS | F1: ELECTRICISTA | G1: SOLDADOR | H1: PISCINERO | I1: JARDINERIA
A2: SALARIO MINIMO | B2: 3159000 | C2: 2000700 | D2: 1750905 | E2: 2158650 | F2: 2316600 | G2: 2316600 | H2: 1750905 | I2: 1950905
A3: HORAS EXTRAS RECARGO NOCTURNO COMPLEMENTARIOS DOMINICALES , FESTIVOS Y BONIFICACIONES PERIODICAS | H3: =ROUND(H2/30*1.75*6+H2/30*5,0) -> 904634
A4: SUBSIDIO DE TRANSPORTE | C4: 249095 | D4: 249095 | E4: 249095 | F4: 249095 | G4: 249095 | H4: 249095 | I4: 249095
A5: CESANTIAS (8,33%) | B5: =ROUND(SUM(B2:B4)*(8.33%),0) -> 263145 | C5: =ROUND(SUM(C2:C4)*(8.33%),0) -> 187408 | D5: =ROUND(SUM(D2:D4)*(8.33%),0) -> 166600 | E5: =ROUND(SUM(E2:E4)*(8.33%),0) -> 200565 | F5: =ROUND(SUM(F2:F4)*(8.33%),0) -> 213722 | G5: =ROUND(SUM(G2:G4)*(8.33%),0) -> 213722 | H5: =ROUND(SUM(H2:H4)*(8.33%),0) -> 241956 | I5: =ROUND(SUM(I2:I4)*(8.33%),0) -> 183260
A6: INTERESES A LAS CESANTIAS (1%) | B6: =ROUND(SUM(B2:B4)*1%,0) -> 31590 | C6: =ROUND(SUM(C2:C4)*1%,0) -> 22498 | D6: =ROUND(SUM(D2:D4)*1%,0) -> 20000 | E6: =ROUND(SUM(E2:E4)*1%,0) -> 24077 | F6: =ROUND(SUM(F2:F4)*1%,0) -> 25657 | G6: =ROUND(SUM(G2:G4)*1%,0) -> 25657 | H6: =ROUND(SUM(H2:H4)*1%,0) -> 29046 | I6: =ROUND(SUM(I2:I4)*1%,0) -> 22000
A7: VACACIONES (4,16%) | B7: =ROUND(SUM(B2:B3)*(4.166667%),0) -> 131625 | C7: =ROUND(SUM(C2:C3)*(4.166667%),0) -> 83363 | D7: =ROUND(SUM(D2:D3)*(4.166667%),0) -> 72954 | E7: =ROUND(SUM(E2:E3)*(4.166667%),0) -> 89944 | F7: =ROUND(SUM(F2:F3)*(4.166667%),0) -> 96525 | G7: =ROUND(SUM(G2:G3)*(4.166667%),0) -> 96525 | H7: =ROUND(SUM(H2:H3)*(4.166667%),0) -> 110647 | I7: =ROUND(SUM(I2:I3)*(4.166667%),0) -> 81288
A8: PRIMA (8,33%) | B8: =+B5 -> 263145 | C8: =+C5 -> 187408 | D8: =+D5 -> 166600 | E8: =+E5 -> 200565 | F8: =+F5 -> 213722 | G8: =+G5 -> 213722 | H8: =+H5 -> 241956 | I8: =+I5 -> 183260
A9: CAJA DE COMPENSACIÓN (4%) | B9: =ROUND(SUM(B2:B3)*4%,0) -> 126360 | C9: =ROUND(SUM(C2:C3)*4%,0) -> 80028 | D9: =ROUND(SUM(D2:D3)*4%,0) -> 70036 | E9: =ROUND(SUM(E2:E3)*4%,0) -> 86346 | F9: =ROUND(SUM(F2:F3)*4%,0) -> 92664 | G9: =ROUND(SUM(G2:G3)*4%,0) -> 92664 | H9: =C9 -> 80028 | I9: =ROUND(SUM(I2:I3)*4%,0) -> 78036
A10: PENSION (12%) | B10: =ROUND(SUM(B2:B3)*12%,0) -> 379080 | C10: =ROUND(SUM(C2:C3)*12%,0) -> 240084 | D10: =ROUND(SUM(D2:D3)*12%,0) -> 210109 | E10: =ROUND(SUM(E2:E3)*12%,0) -> 259038 | F10: =ROUND(SUM(F2:F3)*12%,0) -> 277992 | G10: =ROUND(SUM(G2:G3)*12%,0) -> 277992 | H10: =ROUND(SUM(C2)*12%,0) -> 240084 | I10: =ROUND(SUM(I2:I3)*12%,0) -> 234109
A11: RIESGOS PROFESIONALES | B11: =ROUND(SUM(B2:B3)*6.96%,0) -> 219866 | C11: =ROUND(SUM(C2:C3)*6.96%,0) -> 139249 | D11: =ROUND(SUM(D2:D3)*1.044%,0) -> 18279 | E11: =ROUND(SUM(E2:E3)*6.96%,0) -> 150242 | F11: =ROUND(SUM(F2:F3)*6.96%,0) -> 161235 | G11: =ROUND(SUM(G2:G3)*6.96%,0) -> 161235 | H11: =ROUND(SUM(H2:H3)*6.96%,0) -> 184826 | I11: =ROUND(SUM(I2:I3)*6.96%,0) -> 135783
A12: EPPS | B12: 30000 | C12: 30000 | D12: 30000 | E12: 30000 | F12: 30000 | G12: 30000 | H12: 30000 | I12: 30000
A13: SUBTOTAL | B13: =SUM(B2:B12) -> 4603811 | C13: =SUM(C2:C12) -> 3219833 | D13: =SUM(D2:D12) -> 2754578 | E13: =SUM(E2:E12) -> 3448522 | F13: =SUM(F2:F12) -> 3677212 | G13: =SUM(G2:G12) -> 3677212 | H13: =SUM(H2:H12) -> 4063177 | I13: =SUM(I2:I12) -> 3147736
A14: PERSONAL | B14: =PRESUPUESTO!$D$5 -> 1 | C14: =PRESUPUESTO!D6 -> 4 | D14: =PRESUPUESTO!D7 -> 2 | E14: =PRESUPUESTO!D8 -> 4 | F14: =PRESUPUESTO!E14 -> 1 | G14: 1 | H14: =PRESUPUESTO!D12 -> 2 | I14: =PRESUPUESTO!D14 -> 2
A15: TOTAL | B15: =B13*B14 -> 4603811 | C15: =C13*C14 -> 12879332 | D15: =D13*D14 -> 5509156 | E15: =E13*E14 -> 13794088 | F15: =F13*F14 -> 3677212 | G15: =G13*G14 -> 3677212 | H15: =H13*H14 -> 8126354 | I15: =I13*I14 -> 6295472
A17: Insumos Piscina | H17: =+'INSUMOS PISCINA'!I13 -> 18093757
A18: Insumos Aseo | D18: =+'INSUMOS DE ASEO Y CAFETERIA'!H45 -> 4446527
A19: Mantenimiento Gramas | I19: =+'MTO GRAMA'!E9 -> 20318426
A20: Rodamiento y/o Transporte | B20: 800000
A21: Transporte de Maquinaria y Elementos | C21: 60000 | D21: 60000 | E21: 60000 | F21: 60000 | G21: 60000 | H21: 60000 | I21: 60000
A22: TOTAL COSTOS DIRECTOS | B22: =SUM(B15:B21) -> 5403811 | C22: =SUM(C15:C21) -> 12939332 | D22: =SUM(D15:D21) -> 10015683 | E22: =SUM(E15:E21) -> 13854088 | F22: =SUM(F15:F21) -> 3737212 | G22: =SUM(G15:G21) -> 3737212 | H22: =SUM(H15:H21) -> 26280111 | I22: =SUM(I15:I21) -> 26673898 | J22: =SUM(C22:G22) -> 44283527 | K22: 11 | L22: =J22*K22 -> 487118797
L24: =J22*K22 -> 487118797

Sheet INSUMOS DE ASEO Y CAFETERIA
A1: SUMINISTROS DE ASEO Y CAFETERIA
A2: ITEM | B2: BIEN | C2: DESCRIPCION | D2: PRESENTACION | E2: CANTIDAD | F2: PERIODICIDAD ENTREGA | G2: VALOR TOTAL UNITARIO | H2: VALOR TOTAL MENSUAL
A3: 1 | B3: Bolsas Plasticas | C3: Elaborada en polietileno de baja densidad - De colores (verde, negra, blanca, según pedido) -Calibre de mínimo 3 - Tamaño de 80 cm de ancho por 110 cm de largo | D3: Paquete de mínimo 6 | E3: 35 | F3: Mensual | G3: 11975 | H3: =+G3*E3 -> 419125
A4: 2 | B4: Bolsas Plasticas | C4: Elaborada en polietileno de baja densidad - De colores (verde, negra, blanca, según pedido) - Calibre de mínimo 1 - Tamaño de 40 cm de ancho por 55 cm de largo | D4: Paquete de mínimo 6 | E4: 25 | F4: Mensual | G4: 2603 | H4: =+G4*E4 -> 65075
A5: 3 | B5: Bayetilla 1 | C5: - En tela fileteada - 100% algodón y fibra natural - Color blanco sin estampado -Tamaño mínimo de 100 cm de largo por 70 cm de ancho | D5: Unidad | E5: 4 | F5: Mensual | G5: 10041 | H5: =+G5*E5 -> 40164
A6: 4 | B6: Limpiador desinfectante para pisos | C6: Apariencia: Líquido transparente - Color y olor: De acuerdo a la fragancia - Producto biodegradable que no afectas la capa de ozono - Solubilidad: Total en agua - PH: 7.5 - 8.5 - Composición: Tensoactivos, espesante, coadyuvante, colorante | D6: Líquido, en recipiente plástico con capacidad mínima de 500 ml | E6: 30 | F6: Mensual | G6: 7100 | H6: =+G6*E6 -> 213000
A7: 5 | B7: Ambientador 2 | C7: Solución con alcohol etílico y solventes. - Con fragancia en una concentración del 1,5% - En múltiples fragancias - libre de CFC - Elaborado en material reciclable | D7: Líquido, en aerosol seguro para la capa de ozono con capacidad mínima de 360 ml | E7: 6 | F7: Mensual | G7: 16185 | H7: =+G7*E7 -> 97110
A8: 6 | B8: Varsol ecológico | C8: - Solución con agentes desinfectantes, desmanchadores y desengrasantes en concentración mínima del 15%. - Biodegradable mínimo en un 95% | D8: Líquido, en recipiente plástico con capacidad mínima de 1000 ml | E8: 25 | F8: Mensual | G8: 11874 | H8: =+G8*E8 -> 296850
A9: 7 | B9: Detergente biodegradable multiusos en polvo | C9: - Con agente tensoactivo de mínimo 60% de biodegradabilidad -Con efecto limpiador de mínimo 9%. - El envase del producto deberá estar correctamente etiquetado bajo los parámetros: nombre comercial del producto, pictogramas de los compuestos peligrosos e instrucciones de uso - Debe contener concentraciones de fósforo iguales o inferiores a 0.65% de fósforo | D9: Polvo, en bolsa plástica o recipiente plástico con un peso de 500 g | E9: 28 | F9: Mensual | G9: 7555 | H9: =+G9*E9 -> 211540
A10: 8 | B10: Desmanchador multiusos | C10: - Con agente(s) tensoactivo(s) con efecto limpiador y desengrasante - Para superficies de todo tipo. | D10: Crema, en bolsa plástica de mínimo 500 g | E10: 6 | F10: Mensual | G10: 12994 | H10: =+G10*E10 -> 77964
A11: 9 | B11: Líquido para limpiar vidrios 2 | C11: - Con agente(s) principal(es) con efecto limpiador y desengrasante en una concentración mínima del 4% - Disponible mínimo en dos (2) fragancias - El envase debe estar correctamente etiquetado bajo los parámetros establecidos en el sistema globalmente armonizado (Decreto 1496 de 2018) indicando: nombre comercial del producto, pictogramas de los compuestos peligrosos si aplica e instrucciones de uso de acuerdo con los tiempos de transición descritos en el artículo 24 de la Resolución 773 de 2021. | D11: Líquido, en recipiente plástico con capacidad mínima de 500 ml, con atomizador de pistola. | E11: 4 | F11: Mensual | G11: 10906 | H11: =+G11*E11 -> 43624
A12: 10 | B12: Varsol | C12: Varsol transparente sin olor, desengrasante y desmachador, uso domesticos | D12: Líquido, en recipiente plástico con capacidad mínima de 850 ml | E12: 15 | F12: Mensual | G12: 13987 | H12: =+G12*E12 -> 209805
A13: 11 | B13: Creolina 1 | C13: - Solución con una concentración mínima de fenoles de 4% | D13: Líquido, en recipiente plástico con capacidad mínima de 500 ml | E13: 4 | F13: Mensual | G13: 13987 | H13: =+G13*E13 -> 55948
A14: 12 | B14: Cepillo para sanitario (churrusco) | C14: - Cerdas duras elaboradas en fibras plásticas - Extensión mínima de las cerdas es de 2,5 cm - Base y mango elaborados en plástico - Mango con longitud mínima de 33 cm (incluida la medida del cepillo) | D14: Unidad | E14: 2 | F14: Mensual | G14: 8297 | H14: =+G14*E14 -> 16594
... A22: 20 | B22: Mango metálico trapero | C22: Extensión mínima de 140 cm Acople plástico o rosca para palos de escoba | D22: Unidad | E22: 2 | F22: Mensual | G22: 18468 | H22: =+G22*E22 -> 36936
A23: 21 | B23: Organizador porta traperos | C23: Con capacidad para organizar mínimo 4 traperos de manera simultánea | D23: Unidad | E23: 3 | F23: Una vez por vigencia contrato | G23: 36973 | H23: =ROUND(+G23*E23/$D$47,0) -> 15846
A24: 22 | B24: Recogedor de basura 1 | C24: - Elaborado en plástico - Con banda de goma y dientas barrescobas - Mango con longitud mínima de 70 cm | D24: Unidad | E24: 1 | F24: Mensual | G24: 8793 | H24: =+G24*E24 -> 8793
A25: 23 | B25: Rastrillo 1 | C25: - Barra dentada plástica con mínimo 18 dientes - Mango metálico plastificado con longitud mínima de 120 cm | D25: Unidad | E25: 6 | F25: Mensual | G25: 39298 | H25: =+G25*E25 -> 235788
A26: 24 | B26: Jabón para manos | C26: - Con agente limpiador en una concentración mínima del 6%. - Con agente antibacterial en una concentración mínima del 0,2% - Con agente humectante en una concentración mínima del 3% - pH entre 5,5 a 7 - Disponible en mínimo (2) dos fragancias - Debe contener concentraciones de fósforo iguales o inferiores a 0.65% de fósforo (Resolución 0689 de 2016) | D26: Líquido, en recipiente plástico con capacidad mínima de 500 ml | E26: 8 | F26: Mensual | G26: 10442 | H26: =+G26*E26 -> 83536
A27: 25 | B27: Insecticida 1 | C27: Para eliminar insectos rastreros y/o voladores - Con acción residual hasta por 4 semanas o de larga duración - Sin fuertes olores químicos - Libre de CFC - El envase del producto deberá estar correctamente etiquetado, indicando: nombre comercial del producto, pictogramas de los compuestos peligrosos e instrucciones de uso | D27: Líquido, en aerosol seguro para la capa de ozono con capacidad mínima de 350 ml | E27: 8 | F27: Mensual | G27: 24570 | H27: =+G27*E27 -> 196560
A28: 26 | B28: Destapador para sanitario (chupa) | C28: - Tipo campana - Chupa elaborada en caucho - Diámetro mínimo de 12 cm - Mango elaborado en madera - Mango con longitud mínima de 33 cm | D28: Unidad | E28: 1 | F28: Mensual | G28: 11570 | H28: =+G28*E28 -> 11570
A29: 27 | B29: Azúcar 1 | C29: - Blanca - Empaque elaborado en materiales atóxicos - Debe cumplir con Resolución 333 de 2011 sobre rotulado y etiquetado nutricional y las normas que la modifiquen | D29: Bolsa de mínimo 200 sobres o tubipacks de 5 g | E29: 12 | F29: Mensual | G29: 9594 | H29: =+G29*E29 -> 115128
A30: 28 | B30: Aromática | C30: Para infusión - Cajas disponbiles en sabor manzanilla, yerbabuena, cidron, limonaria | D30: Cajas de mínimo 20 en sobres. | E30: 40 | F30: Mensual | G30: 4550 | H30: =+G30*E30 -> 182000
A31: 29 | B31: Aromática con panela | C31: - Contiene sobres de mínimo 6g - Debe cumplir con Resolución 2492 de 2022 sobre rotulado y etiquetado nutricional y las normas que la modifiquen - Debe cumplir con la Resolución 779 de 2006 - Mínimo 12 meses de vida útil desde la fecha de fabricación - Sabores: Naranja, Jengibre, Papayuela, Frutos rojos, Maracuyá, Limoncillo (Entrega mínima de 3 sabores) - 100% natural | D31: Caja de 20 unidades | E31: 20 | F31: Mensual | G31: 8190 | H31: =+G31*E31 -> 163800
A32: 30 | B32: Café 1 | C32: - 100% café tostado y molido. - Tostión media. - Denominación de Origen (Anexo 6) - Empacada en bolsa de polipropileno aluminizada resistente a la humedad y al oxígeno. - Debe cumplir con las Resoluciones 333 de 2011 y 2674 de 2013 hasta la entrada en vigencia de la Resolución 810 de 2021 y aquellas que la modifiquen, adicionen o deroguen. - Para cambio de marca, se requiere certificar la cadena de distribución. | D32: Libra (500 gr) | E32: 25 | F32: Mensual | G32: 8691 | H32: =+G32*E32 -> 217275
A33: 31 | B33: Plato Biodegradable 2 | C33: - Plato pando, circular, sin divisiones - Biodegradable -Tamaño: 18 cm - Sin ala - Elaborado con la fibra de caña de azúcar o almidón de maíz - No debe contener PVC o Poliestireno expandido u otros plásticos de un solo uso tanto en el envase como en el embalaje. | D33: Paquete 20 unidades | E33: 5 | F33: Mensual | G33: 16500 | H33: =+G33*E33 -> 82500
A34: 32 | B34: Plato Biodegradable 1 | C34: - Plato pando, circular, sin divisiones - Biodegradable -Tamaño: 15 cm - Sin ala - Elaborado con la fibra de caña de azúcar o almidón de maíz - No debe contener PVC o Poliestireno expandido u otros plásticos de un solo uso tanto en el envase como en el embalaje. | D34: Paquete 20 unidades | E34: 5 | F34: Mensual | G34: 13500 | H34: =+G34*E34 -> 67500
A35: 33 | B35: Papel higiénico 1 | C35: - Rollo con longitud mínima de 20 metros - Doble hoja blanca - Sin fragancia | D35: Rollo | E35: 50 | F35: Mensual | G35: 3712 | H35: =+G35*E35 -> 185600
... A38: 36 | B38: Vasos biodegradables 1 | C38: - Elaborado en cartón 97% biodegradable - Capacidad mínima de 4 oz | D38: Paquete de mínimo 50 unidades | E38: 12 | F38: Mensual | G38: 7812 | H38: =+G38*E38 -> 93744
A39: 37 | B39: Vasos 1 | C39: Elaborado en vidrio - Cilíndrico - Capacidad mínima de 9 oz | D39: Unidad | E39: 20 | F39: Una vez por vigencia contrato | G39: 4500 | H39: =ROUND(+G39*E39/$D$47,0) -> 12857
A40: 38 | B40: Mezclador 1 | C40: - Mezcladores elaborados en madera y/o apartir de recursos renovables como la caña de azucar y/o almidón de maíz - Longitud mínima de 11 cm | D40: Paquete de mínimo 500 | E40: 12 | F40: Mensual | G40: 8621 | H40: =+G40*E40 -> 103452
A41: 39 | B41: Jabón para loza 4 | C41: - Con agente(s) tensoactivo(s) con efecto limpiador y desengrasante. - Disponible en múltiples fragancias. - El envase debe estar correctamente etiquetado bajo los parámetros establecidos en el sistema globalmente armonizado (Decreto 1496 de 2018) indicando: nombre comercial del producto, pictogramas de los compuestos peligrosos si aplica e instrucciones de uso de acuerdo con los tiempos de transición descritos en el artículo 24 de la Resolución 773 de 2021. - Elaborado en material reciclable - Con etiqueta de amigable con el ambiente - Debe contener concentraciones de fósforo iguales o inferiores a 0.65% de fósforo (Resolución 0689 de 2016) | D41: Crema, en recipiente plástico de mínimo 500 g | E41: 6 | F41: Mensual | G41: 6940 | H41: =+G41*E41 -> 41640
A42: 40 | B42: Toallas para manos 6 | C42: - Toallas interdobladas, paquete con mínimo 150 unidades - Doble hoja con un tamaño mínimo de 20 cm de largo por 15 cm de ancho - Hoja color blanco | D42: Paquete | E42: 30 | F42: Mensual | G42: 10520 | H42: =+G42*E42 -> 315600
A43: 41 | B43: Balde | C43: - Capacidad mínima de 10 litros - Con manija móvil - Con "pico" antiderrames - Disponibles en diferentes colores - Elaborado en material reciclable - Marcado de acuerdo con la norma ISO 11469 y ISO 1043. | D43: Unidad | E43: 2 | F43: Mensual | G43: 19900 | H43: =+G43*E43 -> 39800
A44: 42 | B44: Cepillo para paredes y techos | C44: - Cuerpo elaborado en plástico - Cerdas duras en fibra plástica - Largo mínimo de 140 cm | D44: Unidad | E44: 1 | F44: Mensual | G44: 26560 | H44: =+G44*E44 -> 26560
G45: TOTAL | H45: =SUM(H3:H44) -> 4446527
C47: Meses | D47: =PRESUPUESTO!$G$21 -> 7

Sheet INSUMOS PISCINA
A1: Suministro de quimicos y elementos mantenimiento piscinas
A2: ITEM | B2: BIEN | C2: DESCRIPCION | D2: PRESENTACION | E2: CANT, | F2: PERIODICIDAD ENTREGA | G2: VALOR TOTAL UNITARIO | H2: VALOR TOTAL TOTAL | I2: VALOR TOTAL MENSUAL
A3: 1 | B3: Manguera | C3: Manguera de aspirar diámetro = 1 1/2" Longitud = 15,00 mts | D3: Unidad | E3: 4 | F3: Una vez por vigencia contrato | G3: 403708 | H3: =+G3*E3 -> 1614832 | I3: =ROUND(+H3/$D$14,0) -> 230690
A4: 2 | B4: Tubo Telescopico | C4: Tubos telescópicos 6,00 - 10,00 mts diámetro = 2" | D4: Unidad | E4: 4 | F4: Una vez por vigencia contrato | G4: 402339 | H4: =+G4*E4 -> 1609356 | I4: =ROUND(+H4/$D$14,0) -> 229908
A5: 3 | B5: Cloro | C5: Hipoclorito de calcio cloro al 70% de alta densidad (Tambor x 45 kg) | D5: Tambor | E5: 12 | F5: Mensual | G5: 1000075 | H5: =+G5*E5 -> 12000900 | I5: =+H5 -> 12000900
A6: 4 | B6: Carro | C6: Carro aspirador de 12 ruedas americano 1 1/2" | D6: Unidad | E6: 2 | F6: Una vez por vigencia contrato | G6: 280543 | H6: =+G6*E6 -> 561086 | I6: =ROUND(+H6/$D$14,0) -> 80155
A7: 5 | B7: Carro | C7: Carro aspirador de 8 ruedas americano 1 1/2" | D7: Unidad | E7: 2 | F7: Una vez por vigencia contrato | G7: 221219 | H7: =+G7*E7 -> 442438 | I7: =ROUND(+H7/$D$14,0) -> 63205
A8: 6 | B8: Sulfato | C8: Sulfato de aluminio tipo A (Bulto x 25 kg) | D8: Bulto | E8: 3 | F8: Mensual | G8: 150535 | H8: =+G8*E8 -> 451605 | I8: =+H8 -> 451605
A9: 7 | B9: Cepillo Piscina | C9: Cepillo de nylon 18" cerda gruesa para piscinas | D9: Unidad | E9: 4 | F9: Trimestral | G9: 68425 | H9: =+G9*E9 -> 273700 | I9: =+H9*2/7 -> 78200
A10: 8 | B10: Nasas | C10: Nasa saca hojas para piscinas | D10: Unidad | E10: 4 | F10: Una vez por vigencia contrato | G10: 64046 | H10: =+G10*E10 -> 256184 | I10: =ROUND(+H10/$D$14,0) -> 36598
A11: 9 | B11: Soda | C11: Soda caustica (Bulto x 25 kg) | D11: Bulto | E11: 3 | F11: Mensual | G11: 409182 | H11: =+G11*E11 -> 1227546 | I11: =+H11 -> 1227546
A12: 10 | B12: Cloro Granulado | C12: Acido tricloroisocianúrico para síntesis al 91% (Tambor x 50 kg) | D12: Kilo | E12: 3 | F12: Mensual | G12: 1231650 | H12: =+G12*E12 -> 3694950 | I12: =+H12 -> 3694950
G13: TOTAL | H13: =SUM(H3:H12) -> 22132597 | I13: =SUM(I3:I12) -> 18093757
C14: Meses | D14: =PRESUPUESTO!$G$21 -> 7

Sheet MTO GRAMA
A1: MANTENIMIENTO DE GRAMA
A2: ITEM | B2: ACTIVIDAD | C2: DESCRIPCION | D2: PERIODICIDAD | E2: VALOR TOTAL UNITARIO
A3: 1 | B3: Mantenimiento Grama - Corte | C3: Corte 2 a 4 dias con maquina de corte Helicoidañ a altura de 15 mm a 20 mm. Puede variar de acuerdo al clima y recomendaciones tecnicas | D3: 3 veces por semana | E3: 5500000
A4: 2 | B4: Fertilizacion | C4: 4 bultos de nitrógeno (úrea), 2 bultos de DAP, 2 bultos de sulfato de potasio y 40 kilos de una fuente de elementos menores (vicorman, agrimins, etc.) según formulación del Ingeniero Agrónomo. | D4: 3 veces por mes | E4: 3650000
A5: 4 | B5: Control de Plagas | C5: INVERTRINA, en dosis aproximadas de 1 c.c. por litro. Dichas aplicaciones son foliares - Solo en caso de presentarse presencia de insectos. | D5: 4 veces por mes | E5: 2451000
A6: 5 | B6: Control Preventivo Enfermedades | C6: a) 2.5 TOPSIM, más CROROTALONIL . 5 cc b) 1.0 RUBIGAN más CROROTALONIL. 5 cc c) 2.0 AZOXISTROBIN d) 1.0 TRIADIMEFON e) 5.0 RIDOMIL f) 1.0 TILT más CLOROTALONIL Según formulación del Ingeniero Agrónomo. | D6: 2 veces al mes | E6: 950000
A7: 6 | B7: Control Maleza | C7: Aplicación de Herbicida a) Trenza: Aplicar 5 c.c. por litro de MASTER 720 localizado. b) Carretón: Aplicar 6 c.c. Por litro de GUADAÑA. c) Falso trébol: Aplicar 6 c.c. por litro de GUADAÑA. d) Espartillo: Aplicar 6 c.c. por litro de GUADAÑA. e) Coquitos: Aplicar 1 c.c. por litro de SYRIUS. f) Kikuyo: Aplicar 2 c.c. por litro de SENCOR. g) Pimpinela: Aplicar 5 c.c. por litro de 2.4D AMINA 6. h) Pata de gallina: Aplicar 2 c.c. por litro de SENCOR. i) Pasto cuaresma: Aplicar 2 c.c. por litro de SENCOR. | D7: 1 vez al mes | E7: 4777000
A8: 7 | B8: Reparacion Divots | C8: Reposición de pedazos de césped removidos | D8: 100 m2 por mes | E8: 2990426
A9: TOTAL MANTENIMIENTO GRAMA | E9: =SUM(E3:E8) -> 20318426
